 Dungeon Sprint DCSS version 0.26-a0-1058-g8dc6ce00ff (webtiles) character file.

Game seed: 10065725196571464859

473 Adamkad1 the Cleaver (level 6, -9/93 HPs)
             Began as a Palentonga Fighter on Dec 13, 2020.
             Was a Believer of Uskayaw.
             Killed from afar by Jorreusi the pandemonium lord (48 damage)
             ... with a spray of metal splinters
             ... in the Dungeon (Sprint V: "Ziggurat Sprint").
             The game lasted 00:03:07 (191 turns).

Adamkad1 the Cleaver (Palentonga Fighter)            Turns: 191, Time: 00:03:08

Health: -9/93      AC: 27    Str: 23    XL:     6   Next: 84%
Magic:  6/6        EV:  1    Int:  8    God:    Uskayaw [**....]
Gold:   0          SH: 30    Dex: 16    Spells: 5/5 levels left

rFire    + + .     SeeInvis +   E - +14 obsidian axe {vorpal, +Fly SInv *Curse} (curse)
rCold    + . .     Faith    .   G - +18 shield of the Gong {rElec rN+ Will+ EV-5}
rNeg     + + +     Spirit   .   (armour currently unavailable)
rPois    +         Reflect  .   (helmet currently unavailable)
rElec    +         Harm     .   (cloak currently unavailable)
rCorr    +         Rampage  .   (gloves currently unavailable)
Will     +....     NoTele   +   (no barding)
Stlth    +.........             c - amulet of magic regeneration
HPRegen  0.25/turn              y - +6 ring of dexterity
MPRegen  0.35/turn              b - ring "Cowill" {rF+ rN+ AC+4 Str+2}

@: tree-form, resistant
A: large, rugged brown scales 3, see invisible
a: Stomp, Line Pass, Renounce Religion


You were in the Dungeon.
You worshipped Uskayaw.
Uskayaw was noncommittal.
You were a tree.
You visited 1 branch

Inventory:

Hand Weapons
 E - the cursed +14 obsidian axe (weapon) {vorpal, +Fly SInv *Curse}
   (You found it in the Dungeon)

   It inflicts extra damage upon your enemies.
   It lets you see invisible.
   It lets you fly.
   It curses itself when equipped.
   It has a curse placed upon it.
Armour
 F - the +15 Maxwell's patent armour (melded) {-Cast -Tele rElec Will+ rCorr}
   (You found it in the Dungeon)

   It insulates you from electricity.
   It affects your willpower, your defense against some magical effects.
   It prevents spellcasting.
   It prevents most forms of teleportation.
   It provides partial protection from all sources of acid and corrosion.
 G - the +18 shield of the Gong (worn) {rElec rN+ Will+ EV-5}
   (You found it in the Dungeon)

   It affects your evasion (-5).
   It insulates you from electricity.
   It protects you from negative energy.
   It affects your willpower, your defense against some magical effects.
Jewellery
 b - the ring "Cowill" (right branch) {rF+ rN+ AC+4 Str+2}
   (You found it in the Dungeon)

   [ring of protection]

   It affects your AC (+4).
   It affects your strength (+2).
   It protects you from fire.
   It protects you from negative energy.
 c - an amulet of magic regeneration (around neck)
 n - an uncursed ring of fire
 x - an uncursed ring of flight
 y - a +6 ring of dexterity (left branch)
 z - a +6 ring of dexterity
 A - a +6 ring of intelligence
 B - a +6 ring of intelligence
 C - a +6 ring of strength
 D - a +6 ring of strength
Wands
 u - a wand of disintegration (7)
 v - a wand of iceblast (7)
 w - a wand of acid (7)
Scrolls
 j - 4 scrolls of blinking
 o - 4 scrolls of amnesia
 p - 7 scrolls of fog
 q - a scroll of holy word
 r - 5 scrolls of identify
 s - 5 scrolls of remove curse
 t - 2 scrolls of fear
 I - a scroll of brand weapon
Potions
 d - 6 potions of might
 e - 10 potions of curing
 f - 9 potions of heal wounds
 g - 6 potions of haste
 h - 7 potions of magic
 i - 3 potions of berserk rage
 k - 2 potions of brilliance
 l - 2 potions of invisibility
 m - 3 potions of resistance
Miscellaneous
 a - a lightning rod (4/4)
 H - a phantom mirror


   Skills:
 + Level 6.5 Fighting
 * Level 8.5 Axes
 + Level 5.4 Armour
 + Level 8.3 Shields
 + Level 0.8 Invocations
 + Level 0.6 Evocations


You had 5 spell levels left.
You didn't know any spells.
Your spell library was empty.

Dungeon Overview and Level Annotations

Branches:
Dungeon (1/1)

Altars:
Ashenzari
Cheibriados
Dithmenos
Elyvilon
Fedhas
Gozag
Hepliaklqana
Kikubaaqudgha
Makhleb
Nemelex Xobeh
Okawaru
Qazlal
Ru
Sif Muna
Trog
Uskayaw
Vehumet
Wu Jian
Xom
Yredelemnul
Zin
The Shining One
Beogh
Jiyva
Lugonu

Annotations:
D 1 transporter


Innate Abilities, Weirdness & Mutations

(You are completely covered in rugged brown scales. (AC +3, +7% HP))
You have supernaturally acute eyesight. (SInv)
((Armour fits poorly on your strangely shaped body.))
((You can roll at nearby foes to attack.))
((You have a long armoured tail.))


Message History

Your neqoxec hits the ynoxinul!
The ynoxinul dies!
The ufetubus disappears in a puff of smoke!
Your quasit bites the crimson imp but does no damage.
Your quasit misses the crimson imp.
Your quasit claws the crimson imp but does no damage.
The shadow imp hits you. Jorreusi hits you!
You closely miss Jorreusi.
Jorreusi is lightly wounded.
You slash the ice devil! You barely miss the shadow imp.
You barely miss the crimson imp.
You are engulfed in freezing vapours.
You resist.
Your sixfirhy hits the ice devil!
Your sixfirhy shocks the ice devil!
You are no longer entranced.
The ice devil dies!
Your sixfirhy hits Jorreusi.
Your sixfirhy shocks Jorreusi.
Jorreusi resists.
Jorreusi gestures at you.
The spray of metal splinters hits you!!!
Ouch! That really hurt!
You die...

▓........▓........▓
▓.▓....▓.▓.▓....▓.▓
▓...©....▓...©....▓
▓▓▓▓▓▓▓▓▓▓▓▓▓▓▓▓▓▓▓
▓..8©8..▓ ▓..):|..▓
▓..°°°..▓ ▓..○&3..▓
▓..°♣°..▓ ▓535§5..▓
▓.5.....▓ ▓.▓...▓.▓
▓...©...▓ ▓▓▓▓▓▓▓▓▓


You could see Jorreusi (clouds), a crimson imp, a shadow imp, a friendly
sixfirhy (summoned), a friendly neqoxec (summoned), a friendly quasit (summoned)
and a friendly white imp (summoned).

Vanquished Creatures
  A tarantella (D)
  An orc priest (D)
  An orc wizard (D)
  3 river rats (D)
  2 white imps (D)
  2 orcs (D)
  A jackal (D)
11 creatures vanquished.

Vanquished Creatures (collateral kills)
  An ice devil (D)
  A ynoxinul (D)
  A tarantella (D)
  A bullfrog (D)
  2 river rats (D)
  A shadow imp (D)
  An ufetubus (D)
  2 leopard gecko skeletons (D)
10 creatures vanquished.

Grand Total: 21 creatures vanquished

Notes
Turn   | Place    | Note
-------+----------+-------------------------------------------
     0 | D        | Adamkad1 the Palentonga Fighter began the quest for the
                  | Orb.
     0 | D        | Reached XP level 1. HP: 20/20 MP: 1/1
     0 | D        | Found a shimmering blue altar of Sif Muna.
     0 | D        | Found a bloodstained altar of Trog.
     0 | D        | Found a sacrificial altar of Ru.
     0 | D        | Found a stormy altar of Qazlal.
     0 | D        | Found an iron altar of Okawaru.
     1 | D        | Found a sparkling altar of Nemelex Xobeh.
     1 | D        | Found a blossoming altar of Fedhas.
     2 | D        | Found the +6 Majin-Bo {vamp, MP+6 Int+6}
     2 | D        | Found the +9 heavy crossbow "Sniper" {vorpal, Acc+∞ SInv}
     2 | D        | Found the +10 dark maul {vorpal}
     2 | D        | Found the +15 Maxwell's patent armour {-Cast -Tele rElec
                  | Will+ rCorr}
     2 | D        | Found the +18 shield of the Gong {rElec rN+ Will+ EV-5}
     2 | D        | Found the cursed +14 obsidian axe {vorpal, +Fly SInv
                  | *Curse}
     2 | D        | Found the +7 great mace "Firestarter" {inner flame, rF++}
     2 | D        | Found the +6 shillelagh "Devastator" {shatter}
     2 | D        | Found the +11 plutonium sword {*Contam Stlth-}
     2 | D        | Found the +8 lance "Wyrmbane" {slay drac, rPois rF+ rC+
                  | AC+3}
     2 | D        | Found the +9 sword of Zonguldrok {reap}
     2 | D        | Found the cursed +13 scythe of Curses {drain, *Curse}
     2 | D        | Found the +0 sword of Power
     2 | D        | Found the +7 mace of Variability {chain chaos}
     2 | D        | Found the +7 Singing Sword {vorpal, sonic wave}
     2 | D        | Found the +8 storm bow {elec, penet}
     3 | D        | Found a transporter.
     3 | D        | Found an ancient bone altar of Kikubaaqudgha.
     3 | D        | Found a viscous altar of Jiyva.
     3 | D        | Found a corrupted altar of Lugonu.
     3 | D        | Found a hazy altar of Hepliaklqana.
     3 | D        | Found a burning altar of Makhleb.
     3 | D        | Found an opulent altar of Gozag.
    75 | D        | Became a worshipper of Uskayaw the Reveller
    79 | D        | Reached XP level 2. HP: 27/27 MP: 2/2
   100 | D        | Entered arena 2.
   100 | D        | Noticed a tarantella
   100 | D        | Noticed a tarantella
   100 | D        | Found a transporter.
   101 | D        | Killed a tarantella
   101 | D        | Reached * piety under Uskayaw
   102 | D        | Reached skill level 5 in Fighting
   102 | D        | Reached skill level 5 in Axes
   102 | D        | Reached XP level 3. HP: 38/38 MP: 3/3
   102 | D        | Reached XP level 4. HP: 44/44 MP: 4/4
   102 | D        | Reached XP level 5. HP: 51/51 MP: 5/5
   104 | D        | Killed a tarantella
   105 | D        | Reached XP level 6. HP: 56/60 MP: 6/6
   134 | D        | Entered arena 3.
   134 | D        | Found a transporter.
   136 | D        | Reached ** piety under Uskayaw
   138 | D        | Reached skill level 5 in Armour
   140 | D        | Got the ring "Cowill" {rF+ rN+ AC+4 Str+2}
   144 | D        | Entered arena 4.
   144 | D        | Found a transporter.
   156 | D        | Entered arena 5.
   156 | D        | Found a transporter.
   167 | D        | Entered arena 6.
   167 | D        | Found a transporter.
   184 | D        | Entered arena 7.
   184 | D        | Noticed a ynoxinul
   184 | D        | Noticed Jorreusi the pandemonium lord
   184 | D        | Noticed an ice devil
   185 | D        | Found a transporter.
   190 | D        | Killed a ynoxinul
   191 | D        | Killed an ice devil
   191 | D        | Killed from afar by Jorreusi the pandemonium lord

Illustrated notes

Levels and vault maps discovered:
D:        sprint_v [room_start, room_1, room_2, room_3, room_4, room_5, room_6,
          room_7, room_8, room_9, room_10, room_11, room_12, room_13, room_14,
          room_15, room_16, room_17, room_18, room_19, room_20, room_21,
          room_22, room_23, room_24, room_25, room_26, room_27]

Skill      XL: |  1  2  3  4  5  6 |
---------------+-------------------+-----
Shields        | 6 7 8 |  8.3
Fighting       | 5 6 |  6.5
Axes           | 5 7 8 |  8.5
Armour         | 4 5 |  5.4
Invocations    | |  0.8
Evocations     | |  0.6

Action                   |  1- 3 |  4- 6 || total
-------------------------+-------+-------++-------
Melee: Broad axe         |     1 |    17 ||    18
       Tailslap          |       |     3 ||     3
 Abil: Rolling Charge    |     1 |     2 ||     3
  Use: Potion            |     1 |     2 ||     3
Armor: Plate armour      |     1 |     5 ||     6
       Skin              |       |     7 ||     7
Dodge: Dodged            |       |     1 ||     1
Block: Kite shield       |     2 |    32 ||    34

Table legend: (Time is in decaauts)
 A = Elapsed time spent in this place.
 B = Non-inter-level travel time spent in this place.
 C = Inter-level travel time spent in this place.
 D = Time resting spent in this place.
 E = Time spent auto-exploring this place.
 F = Levels seen in this place.
 G = Mean time per level.
                   A        B        C        D        E       F      G
               +--------+--------+--------+--------+--------+-----+--------+
         Total |    194 |    193 |      1 |     20 |      7 |   1 |  194.0 |
       Dungeon |    194 |    193 |      1 |     20 |      7 |   1 |  194.0 |
               +--------+--------+--------+--------+--------+-----+--------+

Top non-repeatable levels by time:
       D: 194 daAuts
